 Dungeon Crawl Stone Soup version 0.20-a0-432-g25cc1b4 (webtiles) character file.

840 Amnesiac the Vexing (level 7, -14/46 HPs)
             Began as a Mummy Enchanter on Jan 2, 2017.
             Shot with an arrow by a centaur (19 damage)
             ... on level 5 of the Dungeon.
             The game lasted 00:12:00 (5201 turns).

Amnesiac the Vexing (Mummy Enchanter)               Turns: 5201, Time: 00:12:01

Health: -14/46     AC:  7    Str: 12    XL:     7   Next: 67%
Magic:  8/17       EV: 12    Int: 19    God:
Gold:   198        SH:  0    Dex: 14    Spells: 12/19 levels left

rFire  x . .     SeeInvis .     m - +0 dagger (venom)
rCold  + . .     Gourm    .     b - +0 robe
rNeg   + + +     Faith    .     (no shield)
rPois  ∞         Spirit   .     (no helmet)
rElec  .         Reflect  .     k - +0 cloak
rCorr  .         Harm     +     (no gloves)
MR     .....                    (no boots)
Stlth  ++........               g - amulet of harm
                                (no ring)
                                o - ring of Qaevaare {AC+4 Int+5}

@: no status effects
A: no food or potions, fire vulnerability, cold resistance 1, negative energy
resistance 3, torment resistance, unbreathing
a: no special abilities


You were on level 5 of the Dungeon.
You were not hungry.

You visited 1 branch of the dungeon, and saw 5 of its levels.

You collected 198 gold pieces.

Inventory:

Hand Weapons
 f - a +2 dagger of freezing
 m - a +0 dagger of venom (weapon)
Missiles
 n - a throwing net (quivered)
Armour
 b - a +0 robe (worn)
 k - a +0 cloak (worn)
Jewellery
 g - an amulet of harm (around neck)
 o - the ring of Qaevaare (left hand) {AC+4 Int+5}
   (You found it on level 4 of the Dungeon)

   [ring of protection]

   It affects your AC (+4).
   It affects your intelligence (+5).
Wands
 i - a wand of random effects (26/48)
 j - a wand of polymorph (11/24)
 s - a wand of iceblast (10/15)
Scrolls
 a - 4 scrolls of amnesia {unknown}
 d - 6 scrolls of identify {unknown}
 e - 2 scrolls of fog {unknown}
 h - a scroll of remove curse {unknown}
 l - 2 scrolls of immolation {unknown}
 p - a scroll of fear
 q - 2 scrolls of enchant armour {unknown}
 r - a scroll of teleportation {unknown}
Books
 c - a book of Maledictions

   Spells                             Type                      Level
   a - Corona                         Hexes                        1
   b - Ensorcelled Hibernation        Hexes/Ice                    2
   c - Confuse                        Hexes                        3
   d - Tukima's Dance                 Hexes                        3
   e - Dazzling Spray                 Conjuration/Hexes            3


   Skills:
 - Level 1.0 Short Blades
 - Level 1.5 Dodging
 - Level 2.4 Stealth
 + Level 6.7 Spellcasting
 * Level 6.9 Hexes


You had 12 spell levels left.
You knew the following spells:

 Your Spells              Type           Power        Failure   Level  Hunger
a - Corona                Hex            ####...      1%          1    N/A
e - Confuse               Hex            ####....     1%          3    N/A
w - Tukima's Dance        Hex            ####....     1%          3    N/A

Dungeon Overview and Level Annotations

Branches:
Dungeon (5/15)
 Temple: D:4-7

Altars:

Shops:
D:4 [


Innate Abilities, Weirdness & Mutations

You do not eat or drink.
Your flesh is vulnerable to fire.
You are immune to poison.
Your flesh is cold resistant. (rC+)
You are immune to negative energy. (rN+++)
You are immune to unholy pain and torment.
You can survive without breathing.


Message History

Press: ? - help, Shift-Dir - straight line, f - centaur
Aim: a centaur, wielding a shortbow (chance to defeat MR: 61%)
The centaur resists with significant effort.
The centaur shoots an arrow.
The arrow hits you.
* * * LOW HITPOINT WARNING * * *
Casting: Confuse
Confirm with . or Enter, or press ? or * to list all spells.
Aiming: Confuse
Press: ? - help, Shift-Dir - straight line, f/p - centaur
Aim: a centaur, wielding a shortbow (chance to defeat MR: 61%)
The centaur resists with significant effort.
The centaur shoots an arrow.
The arrow barely misses you.
Casting: Confuse
Confirm with . or Enter, or press ? or * to list all spells.
Aiming: Confuse
Press: ? - help, Shift-Dir - straight line, f/p - centaur
Aim: a centaur, wielding a shortbow (chance to defeat MR: 61%)
The centaur resists with significant effort.
The centaur shoots an arrow.
The arrow hits you!
You die...

##.######.###)#####.#
#.(..........<......#
##.######.###.....###
### #.# #####.# #.# #
#.# #.# #.# #@# #.#
#.# #.# #.. #.. #.#
#c#


You could see a centaur.

Vanquished Creatures
  Grinder (D:5)
  Sigmund (D:2)
  2 howler monkeys (D:4)
  2 orc priests
  Crazy Yiuf (D:3)
  2 orc wizards (D:5)
  2 worker ants
  7 adders
  8 gnolls
  2 worms
  A dart slug (D:1)
  3 leopard geckos
  10 orcs
  5 bats
  5 giant cockroaches
  5 goblins
  5 hobgoblins
  6 jackals (D:1)
  6 kobolds
  2 quokkas (D:3)
  2 ball pythons
  7 frilled lizards
  A jackal skeleton (D:4)
  5 rats
91 creatures vanquished.

Notes
Turn   | Place    | Note
-------+----------+-------------------------------------------
     0 | D:1      | Amnesiac the Mummy Enchanter began the quest for the Orb.
     0 | D:1      | Reached XP level 1. HP: 13/13 MP: 4/4
   109 | D:1      | Reached skill level 1 in Short Blades
   404 | D:1      | Reached XP level 2. HP: 11/19 MP: 3/5
   875 | D:1      | Reached XP level 3. HP: 16/24 MP: 7/7
  1224 | D:2      | Learned a level 3 spell: Confuse
  1228 | D:2      | Learned a level 3 spell: Tukima's Dance
  1573 | D:2      | Noticed Sigmund
  2253 | D:2      | Killed Sigmund
  2253 | D:2      | Reached XP level 4. HP: 19/30 MP: 3/10
  2253 | D:2      | Reached XP level 5. HP: 22/35 MP: 3/12
  2591 | D:3      | Reached skill level 5 in Hexes
  2763 | D:3      | Reached XP level 6. HP: 25/41 MP: 13/13
  2788 | D:3      | Reached skill level 5 in Spellcasting
  3153 | D:3      | Found a runed door.
  3465 | D:3      | Noticed Crazy Yiuf
  3479 | D:3      | Killed Crazy Yiuf
  3498 | D:4      | Got a warped steel ring
  3500 | D:4      | Identified the ring of Qaevaare {AC+4 Int+5} (You found it on level 4 of the Dungeon)
  4547 | D:4      | Found Mojuda Fedeu's Armour Boutique.
  4605 | D:4      | Reached XP level 7. HP: 44/46 MP: 15/15
  4618 | D:5      | Entered Level 5 of the Dungeon
  4700 | D:5      | Noticed Grinder
  5021 | D:5      | Killed Grinder
  5201 | D:5      | Shot with an arrow by a centaur

Vault maps used:
D:1:      dpeg_arrival_circle_labyrinth_a, minmay_strange_pillars
D:2:      minmay_misc_feat_diagonals, uniq_sigmund
D:3:      first_bread, uniq_crazy_yiuf_cottage
D:4:      serial_shops, kennysheep_mini_moat
D:5:      uniq_grinder, uniq_prince_ribbit1

Skill      XL: |  1  2  3  4  5  6  7 |
---------------+----------------------+-----
Short Blades   | 1 |  1.0
Hexes          | 3 4 5 6 |  6.9
Spellcasting   | 3 4 5 6 |  6.7
Dodging        | |  1.5
Stealth        | |  2.4

Action                   |  1- 3 |  4- 6 |  7- 9 || total
-------------------------+-------+-------+-------++-------
Melee: Dagger            |   120 |   137 |    60 ||   317
 Cast: Corona            |    14 |       |       ||    14
       Confuse           |    10 |    11 |    14 ||    35
  Use: Scroll            |     1 |       |       ||     1
 Stab: Sleeping          |     2 |     6 |     2 ||    10
       Confused          |       |     3 |     3 ||     6
Armor: Robe              |    18 |    27 |    10 ||    55
Dodge: Dodged            |    78 |    77 |    18 ||   173
